[Event "IV Estrellas 2022"]
[Site "La Palma"]
[Date "2022.08.06"]
[Round "1.1"]
[White "Pulvett Marin, Daniel Eduardo"]
[Black "Guerrero Orihuela, Jose Luis"]
[Result "1-0"]
[ECO "E11"]
[WhiteElo "2523"]
[BlackElo "1858"]
[Annotator "TA"]
[PlyCount "61"]
[EventDate "2022.08.06"]
[EventType "swiss"]
[EventCountry "ESP"]
[SourceTitle "playchess.com"]
[Source "ChessBase"]
[SourceQuality "1"]
[TimeControl "5400+30"]

1. d4 Nf6 2. Nf3 e6 3. c4 Bb4+ 4. Bd2 Bxd2+ 5. Qxd2 d5 6. Nc3 O-O 7. e3 Nc6 8. Be2 {[%emt 0:00:30] E11: Bogo-Indian.} Ne4 {[%emt 0:00:30] [#]} 9. Qc2 $146 ({Predecessor:} 9. Nxe4 dxe4 10. Ng1 e5 11. d5 Ne7 12. f3 Bf5 13. fxe4 Bxe4 14. Bd3 Bxg2 15. Qxg2 g6 {1-0 (28) Braga,V (1732)-Terra,E (1813) Brasilia 2016}) 9... f5 10. cxd5 {[%emt 0:00:30] White is better.} Nb4 11. Qb3 Nxc3 {[%emt 0:00:30][%mdl 64] [#] Remove Defender} 12. bxc3 Nxd5 13. O-O b6 14. Ne5 Bb7 15. Bf3 {[%emt 0:00:30] Hoping for c4.} Rb8 16. Rac1 Re8 17. Rfd1 {[%emt 0:00:30] White is more active.} Nf6 $2 {[%emt 0:00:30] [#] This move loses the game for Black.} (17... Ba8 $16) 18. Bc6 $1 $18 Re7 19. Bxb7 Rxb7 20. Nc6 Qd7 21. Nxe7+ Qxe7 22. d5 exd5 (22... Kf7 {is a better defense.} 23. Qc4 exd5) 23. Rxd5 Kh8 24. Rxf5 c5 25. Rd1 Rd7 26. h3 h6 (26... Rb7 $142 27. Qa4 g6) 27. Rxd7 {White is clearly winning.} Qxd7 28. Re5 Qd2 29. Qf7 {[%emt 0:00:30] And now Re7 would win.} Qe1+ 30. Kh2 {[%emt 0:00:30] White wants to mate with Re7.} Qxf2 31. Re7 {[%emt 0:00:30] Weighted Error Value: White=0.06 (flawless) /Black=0.38} 1-0

[Event "IV Estrellas 2022"]
[Site "La Palma"]
[Date "2022.08.06"]
[Round "1.2"]
[White "Ramirez Maillo, Juan Adonay"]
[Black "Martinez Duany, Lelys Stanley"]
[Result "0-1"]
[ECO "B04"]
[WhiteElo "1853"]
[BlackElo "2497"]
[Annotator "TA"]
[PlyCount "98"]
[EventDate "2022.08.06"]
[EventType "swiss"]
[EventCountry "ESP"]
[SourceTitle "playchess.com"]
[Source "ChessBase"]
[SourceQuality "1"]
[TimeControl "5400+30"]

1. e4 Nf6 2. e5 Nd5 3. d4 d6 4. Nf3 g6 5. c4 Nb6 6. Be2 Bg7 7. exd6 cxd6 8. O-O O-O 9. Nc3 Bg4 10. h3 Bxf3 11. Bxf3 Nc6 12. d5 {[%emt 0:04:03] [#] B04: Alekhine's Defence: 4 Nf3.} (12. c5 $11 dxc5 13. dxc5) 12... Nd4 $146 (12... Ne5 $15) ({Predecessor:} 12... Ne5 13. Be2 Nexc4 14. a4 Rc8 15. a5 Nd7 16. Qb3 Nxa5 17. Qb4 b6 18. Bd2 Nc5 19. Ra3 a6 {½-½ (109) Oltean,C (2001)-Lazar,I (1941) Chess.com INT 2020}) 13. b3 $1 $11 a5 (13... e5 $11) 14. a4 ({Better is} 14. Rb1 $14) 14... Nd7 (14... e5 $11) 15. Ba3 (15. Rb1 $14) 15... Ne5 {[%emt 0:04:29] Pair of Knights!} 16. Be2 f5 17. f4 (17. Qxd4 $2 Nf3+ $1 18. Bxf3 Bxd4 $19) 17... Nd7 18. Nb5 (18. Rb1 $14) 18... Qb6 19. Kh1 Nxb5 (19... Nxe2 $6 20. Qxe2 Bxa1 21. Rxa1 $11) 20. axb5 Bxa1 {[%emt 0:00:52] Black is more active.} 21. Qxa1 Qe3 22. Qd1 Nf6 (22... Nc5 $17 {Threatens to win with ...Ne4.} 23. Rf3 Qe4) 23. Rf3 $15 Qb6 24. Bb2 a4 25. bxa4 Qa5 ({Black should try} 25... Qc5 $17) 26. Bc3 (26. Re3 $11) 26... Qxa4 $17 27. Qd4 Qa3 28. Re3 Qc1+ (28... Kf7 $142 {...Qc5 is the strong threat.} 29. Re6 Ke8) 29. Kh2 Ra3 30. Bd2 Qa1 31. Bc3 {[%emt 0:06:10] [#]} (31. Qxa1 $2 Rxa1 32. Rxe7 Re8 33. Rxe8+ Nxe8 $19) 31... Rxc3 32. Qxc3 Qxc3 33. Rxc3 {[%emt 0:00:02][%mdl 4096] Endgame [#] KRB-KRN} Ra8 $1 {[%emt 0:00:06] Against Ra3} 34. c5 {[%emt 0:02:20] Loses the game.} (34. Bd3 $17) 34... Ne4 $19 ({Worse is} 34... Nxd5 35. Bc4 e6 36. Bxd5 exd5 37. c6 bxc6 38. Rxc6 $11) 35. Re3 dxc5 36. Bf3 Ra4 37. Bxe4 Rxe4 {[%emt 0:00:29] KR-KR} ({Inferior is} 37... fxe4 38. b6 $17) 38. Ra3 Rb4 ({But not} 38... Rxf4 $2 39. Ra7 $17) 39. Ra8+ Kf7 40. Rh8 Rxb5 41. Rxh7+ $2 (41. Rc8) 41... Ke8 {[%emt 0:00:32] Black is clearly winning.} 42. Rg7 Rb6 43. g4 (43. Rg8+ $142 Kd7 44. Kg3) 43... fxg4 44. hxg4 c4 45. Rg8+ Kd7 {[%emt 0:00:08] ( -> ...c3)} 46. Ra8 Ra6 47. Rb8 b6 {[%emt 0:00:54] White must now prevent ...c3.} 48. Rb7+ Kd6 {[%emt 0:00:09] And now ...c3 would win.} 49. f5 gxf5 {[%emt 1:12:33] Weighted Error Value: White=0.57/Black=0.27 (precise)} 0-1

[Event "IV Estrellas 2022"]
[Site "La Palma"]
[Date "2022.08.06"]
[Round "1.3"]
[White "Kurajica, Bojan"]
[Black "Meneses Arenas, Mikel"]
[Result "1/2-1/2"]
[ECO "A49"]
[WhiteElo "2525"]
[BlackElo "1807"]
[Annotator "TA"]
[PlyCount "66"]
[EventDate "2022.08.06"]
[EventType "swiss"]
[EventCountry "ESP"]
[SourceTitle "playchess.com"]
[Source "ChessBase"]
[SourceQuality "1"]
[TimeControl "5400+30"]

1. Nf3 Nf6 2. d4 g6 3. g3 Bg7 4. Bg2 O-O 5. O-O c5 6. dxc5 Na6 {[%emt 0:01:28] [#]} 7. Be3 $1 Qc7 {[%emt 0:11:25] A49: 1 d4 Nf6 2 Nf3 g6 3 g3: Anti-King's Indian systems.} 8. c4 {[%emt 0:00:37] Hoping for Nc3.} Nxc5 9. Nc3 {[%emt 0:00:12] Threatens to win with Nb5.} d6 10. Rc1 a5 {[%emt 0:03:51] [#]} 11. Nd4 $146 ({Predecessor:} 11. b3 Bd7 12. Nd4 Qc8 13. Qd2 Bh3 14. Rfd1 Bxg2 15. Kxg2 Nce4 16. Nxe4 Nxe4 17. Qc2 {1-0 (74) Meier,G (2648)-Bejtovic,J (2370) Sweden 2016}) 11... Bd7 12. h3 Bc6 13. f3 Rfd8 14. Bf2 (14. Nxc6 bxc6 15. b3 Nfd7 $11) 14... e6 15. e4 Qe7 16. Qe2 Nh5 17. Rcd1 Be5 18. Nxc6 (18. Kh2 $16) 18... bxc6 $11 19. f4 Bxf4 20. gxf4 $18 Nxf4 21. Qf3 e5 22. Rd2 Nce6 23. Rfd1 f5 (23... a4 $142 24. Bf1 Ng5) 24. Kh1 ({Don't play} 24. exf5 gxf5 25. Qxc6 Rac8 $18) 24... Kh8 (24... Nxg2 $142 25. Qxg2 Nf4) 25. Bb6 Rd7 (25... Nxg2 {was worth a try.} 26. Bxd8 (26. Kxg2 Rdb8 $16) (26. exf5 Nh4 $11) 26... Rxd8) 26. c5 fxe4 27. Qxe4 d5 28. Qxe5+ Kg8 29. Rf1 Rf8 30. Rf3 $2 (30. Nd1 $18) 30... Rf5 $1 $11 {[%emt 0:00:16] The position is equal.} 31. Qb8+ Rf8 $1 32. Qe5 {[%emt 0:00:00] [#] And now Ne2 would win.} Rf5 $1 33. Qb8+ Rf8 $1 {[%emt 0:00:03] Weighted Error Value: White=0.34/Black=0.27 (precise)} 1/2-1/2

[Event "IV Estrellas 2022"]
[Site "La Palma"]
[Date "2022.08.06"]
[Round "1.4"]
[White "Anson Casaos, Alejandro"]
[Black "Del Rio De Angelis, Salvador G."]
[Result "0-1"]
[ECO "B00"]
[WhiteElo "1796"]
[BlackElo "2442"]
[Annotator "TA"]
[PlyCount "70"]
[EventDate "2022.08.06"]
[EventType "swiss"]
[EventCountry "ESP"]
[SourceTitle "playchess.com"]
[Source "ChessBase"]
[SourceQuality "1"]
[TimeControl "5400+30"]

1. f4 b6 2. e4 Bb7 3. Nc3 c5 4. Bc4 e6 5. Nf3 a6 6. a4 {[%emt 0:08:21] B00: Queen's Fianchetto Defence, Nimzowitsch Defence.} (6. d3 $11) 6... d5 $15 7. exd5 exd5 8. Qe2+ {[%emt 0:06:19] Black is slightly better.} Be7 $1 9. Ba2 Nf6 10. d3 (10. g4 $15) 10... O-O $17 11. O-O Nc6 12. Nd1 {[%emt 0:16:52] [#]} Bd6 $146 ({Predecessor:} 12... Re8 13. Qf2 b5 14. c3 c4 15. d4 Ne4 16. Qc2 b4 17. Bxc4 Nxd4 18. Nxd4 dxc4 {0-1 (48) Hewitt,S-Stokes,I (2044) Gibraltar 2007}) 13. c3 Qc7 14. Qd2 ({White should try} 14. Ne3) 14... Ne7 {[%emt 0:04:38][%cal Od5d4] Black is more active.} 15. Nf2 Ng6 16. f5 (16. g3 $17) 16... Ne7 $19 17. b4 (17. d4 $17 {was called for.}) 17... Nxf5 18. bxc5 bxc5 {[%emt 0:00:21] White must now prevent ...Rfe8.} ({Weaker is} 18... Qxc5 19. d4 Qc7 20. Ne5) 19. Rb1 d4 {[%emt 0:02:50] And now ...Bxf3 would win.} 20. Qg5 Bxf3 21. gxf3 Bxh2+ 22. Kg2 {[%emt 0:00:14] [#]} Ne3+ ({Much less strong is} 22... dxc3 23. Qxf5 Qg3+ 24. Kh1 $16) 23. Bxe3 dxe3 {[%emt 0:00:17] Dancing on a razor blade.} 24. Ne4 Be5 25. Qxe3 Nh5 {[%emt 0:02:49] Prevents f4.} 26. Qxc5 Nf4+ 27. Kh1 {[%emt 0:00:18] [#]} (27. Kg1 $17 Qxc5+ 28. Nxc5) 27... Qd7 $1 ({Inferior is} 27... Nxd3 28. Qxc7 Bxc7 29. Rfd1 $15) 28. Nf2 {[%emt 0:03:51] Prevents Qh3+.} (28. Qg1 Rab8 29. Qh2) 28... Qf5 {[%emt 0:05:59] ( -> ...Qh5+). Black is clearly winning.} 29. Ng4 Qh5+ 30. Kg1 Qh3 31. Qf2 {[%emt 0:04:03] Inhibits Qg2+.} Rae8 32. Nxe5 Rxe5 33. Qh2 Ne2+ 34. Kh1 Ng3+ 35. Kg1 Qxh2+ {[%emt 0:00:07] White did not feel at home in the position after the opening.  Weighted Error Value: White=0.54/Black=0.15 (very precise)} 0-1

[Event "IV Estrellas 2022"]
[Site "La Palma"]
[Date "2022.08.06"]
[Round "1.5"]
[White "Antic, Dejan"]
[Black "Camps Abadia, Arnau"]
[Result "1-0"]
[ECO "A87"]
[WhiteElo "2452"]
[BlackElo "1782"]
[Annotator "TA"]
[PlyCount "79"]
[EventDate "2022.08.06"]
[EventType "swiss"]
[EventCountry "ESP"]
[SourceTitle "playchess.com"]
[Source "ChessBase"]
[SourceQuality "1"]
[TimeControl "5400+30"]

1. d4 e6 2. c4 f5 3. g3 Nf6 4. Bg2 g6 5. Nc3 Bg7 6. Nf3 O-O 7. O-O d6 8. b3 Nc6 9. Bb2 Ne4 10. Rc1 Nxc3 11. Bxc3 e5 {[%emt 0:08:49] A87: Dutch Defence: Leningrad System: 5 Nf3.} 12. dxe5 dxe5 13. Qd5+ Kh8 {[%emt 0:00:24] White has an edge.} 14. Qxd8 Rxd8 15. Ng5 {[%emt 0:00:00] aiming for Bxc6.} Rf8 16. Bxc6 bxc6 17. Rfd1 {[%emt 0:00:00][%cal Od1d8] [#]} a5 $146 ({Predecessor:} 17... Kg8 18. Nf3 Re8 19. Ba5 f4 20. Bxc7 Bg4 21. Kg2 Rac8 22. Ba5 Bh6 23. h3 Bxf3+ 24. exf3 fxg3 {1-0 (42) Saric,A (2505)-Zelic,M (2319) Zadar 2008}) 18. f4 e4 {[%emt 0:01:39] [#]} 19. Nf7+ Kg8 20. Nd8 (20. Bxg7 $14 Rxf7 21. Be5) 20... Bxc3 $15 21. Rxc3 Bd7 22. Nb7 {[%emt 0:00:00] White is much more active.} Be6 23. Kf2 Kf7 24. Nc5 Rfd8 25. Rcc1 Rab8 26. Ke3 Rd6 27. Rd4 (27. Nxe6 $6 Kxe6 28. Rxd6+ cxd6 $11) 27... Ke7 28. Rcd1 Rb6 (28... Rg8 $14) 29. g4 $16 Rb8 30. gxf5 gxf5 {[%emt 0:00:08] [#]} 31. Rg1 $1 Rf8 $2 {[%emt 0:03:00] This costs Black the game.} (31... Kf6 $16 {was called for.}) 32. Nb7 $18 ({Don't play} 32. Rg7+ $6 Rf7 33. Rg8 Rf6 34. Nxe6 Kxe6 $18) 32... Rxd4 33. Kxd4 {[%emt 0:00:00][%mdl 4096] Endgame KRB-KRN} Kf6 34. Kc5 ({Don't do} 34. Nxa5 $6 Ra8 $16) 34... Bc8 $2 (34... a4 35. Kxc6 (35. bxa4 Ra8 $16) 35... Ra8 36. Kxc7 axb3 37. axb3 Ra2) 35. Nxa5 Rd8 36. Nxc6 Rd2 37. Nd4 {[%emt 0:00:00] Strongly threatening Ra1.} Rxa2 38. Rg8 Be6 39. Rf8+ Kg7 (39... Ke7 $142 40. Rh8 Bf7 41. Rxh7 Kf6) 40. Nxe6+ {[%emt 0:00:00] Weighted Error Value: White=0.12 (very precise) /Black=0.31} 1-0

[Event "IV Estrellas 2022"]
[Site "La Palma"]
[Date "2022.08.06"]
[Round "1.6"]
[White "Pleschke, Julius Jonas"]
[Black "Martinez Reyes, Pedro Ramon"]
[Result "0-1"]
[ECO "D02"]
[WhiteElo "1685"]
[BlackElo "2408"]
[Annotator "TA"]
[PlyCount "76"]
[EventDate "2022.08.06"]
[EventType "swiss"]
[EventCountry "ESP"]
[SourceTitle "playchess.com"]
[Source "ChessBase"]
[SourceQuality "1"]
[TimeControl "5400+30"]

1. d4 d5 2. Nf3 Nc6 3. Bf4 Bg4 4. e3 e6 5. c3 Bd6 6. Bg3 {[%emt 0:03:43] D02: 1 d4 d5 2 Nf3 sidelines, including 2...Nf6 3 g3 and 2...Nf6 3 Bf4.} Nge7 7. Be2 O-O 8. Nbd2 {[%emt 0:00:51] White has an edge.} Nf5 {[%emt 0:00:07] [#]} 9. e4 $146 ({Predecessor:} 9. Qc2 Nce7 10. Bxd6 cxd6 11. h3 Bxf3 12. gxf3 Ng6 13. O-O-O b5 14. e4 Nfh4 15. exd5 {0-1 (63) Camacho,G (2305)-Kalajzic,I (2112) Chess.com INT 2021}) 9... Bxg3 10. hxg3 dxe4 11. Nxe4 Qd5 12. Nfd2 Bxe2 13. Qxe2 Ncxd4 14. cxd4 $16 Nxd4 15. Qd3 {[%emt 0:00:00][%cal Oe4f6] Nf6+! would kill now.} f5 16. Nc3 (16. Ng5 $18) 16... Qxg2 17. O-O-O Rad8 {[%emt 0:00:37][%cal Od4b3] Hoping for ...Nb3+!} (17... Qxf2 $2 18. Rhf1 Ne2+ 19. Nxe2 $18) 18. Qf1 Qc6 19. Kb1 b5 20. Nb3 (20. Qh3 $6 h6 $14) 20... Nxb3 21. axb3 Rxd1+ (21... a6 $16) 22. Qxd1 $18 (22. Nxd1 $6 Rd8 $11) 22... b4 {[%emt 0:00:01] [#]} 23. Na4 f4 24. g4 e5 (24... Qd5 $16 25. Qxd5 exd5) 25. Ka2 e4 26. Qf1 (26. Re1 $18) 26... Rd8 (26... Re8 $14) 27. Qg2 ({White should try} 27. Qh3 $16 Qg6 28. Re1) 27... Rd3 $14 28. Qh2 h6 {[%emt 0:00:19] Active counter play!} ({Don't do} 28... Qd5 29. Qxh7+ Kf7 30. Ka1 Rd1+ 31. Ka2 (31. Rxd1 Qxd1+ 32. Ka2 Qd5 $16) 31... Rxh1 32. Qxh1 $16) 29. Qh5 Rd5 30. Rc1 Qe6 31. Qh2 (31. Nc5 $11 Qc6 32. Na4 Rxh5 33. Rxc6) 31... Ra5 $19 32. Qxf4 Rxa4+ $1 {[%emt 0:00:08][%mdl 4096] Endgame KQR-KQR} 33. Kb1 Qxb3 {[%emt 0:00:24] ( -> ...Qd3+)} 34. Qxc7 {[%emt 0:01:19] Strongly threatening Qc8+.} Kh7 {[%emt 0:02:28] aiming for ...Qd3+.} 35. Qc8 (35. Qc4 $142 Qd3+ 36. Qxd3 exd3 37. b3) 35... Ra5 {[%emt 0:00:42] Threatens to win with ...Qa2+.} 36. Rc7 $2 {[%emt 0:00:43] [#]} (36. Qc4 $19 Qf3 37. Re1) 36... Qd3+ {[%emt 0:00:07] Black mates.} 37. Rc2 b3 38. Qc3 bxc2+ {[%emt 0:00:10] What a bad dream for White.  Weighted Error Value: White=0.63/Black=0.28 (precise)} 0-1

[Event "IV Estrellas 2022"]
[Site "La Palma"]
[Date "2022.08.06"]
[Round "1.7"]
[White "Baskin, Robert"]
[Black "Chitsazian, Daniel"]
[Result "1-0"]
[ECO "B11"]
[WhiteElo "2408"]
[BlackElo "1767"]
[Annotator "TA"]
[PlyCount "101"]
[EventDate "2022.08.06"]
[EventType "swiss"]
[EventCountry "ESP"]
[SourceTitle "playchess.com"]
[Source "ChessBase"]
[SourceQuality "1"]
[TimeControl "5400+30"]

1. e4 c6 2. Nc3 d5 3. Nf3 dxe4 4. Nxe4 Nf6 5. Qe2 Nxe4 6. Qxe4 Be6 {[%emt 0:00:53] B11: Caro-Kann: Two Knights Variation.} 7. b3 Nd7 8. Bb2 Nf6 {[%emt 0:00:07] White has an edge.} 9. Qh4 Bf5 10. O-O-O e6 11. Ne5 {[%emt 0:08:20] Against Ng4} Ng4 12. Qg3 Nxe5 13. Qxe5 Qd5 {[%emt 0:03:22] [#]} 14. Qc3 $146 ({Predecessor:} 14. Bc4 Qxe5 {½-½ (14) Reimann,S (2146)-Cvitan,E (2289) Schwaebisch Gmuend 2020}) 14... Qc5 15. Bc4 b5 16. d4 Qd6 17. Be2 Be7 18. Bf3 O-O 19. h4 Qf4+ 20. Qd2 $1 g5 21. Qxf4 ({Much weaker is} 21. Bxc6 $6 Rac8 22. Qxf4 gxf4 $11) 21... gxf4 22. Rde1 ({Of course not} 22. Bxc6 $6 Rac8 23. d5 exd5 24. Rxd5 Be6 $11) (22. Kb1 $16) 22... Rac8 $14 23. Be4 Bxe4 24. Rxe4 Bd6 25. Kb1 c5 (25... Rfe8 $11 {remains equal.}) 26. dxc5 $16 Rxc5 27. Rd1 Rd5 ({Black should try} 27... Rc6) 28. Rxd5 exd5 {[%emt 0:00:01][%mdl 4096] Endgame KRB-KRB} 29. Rd4 Re8 {[%emt 0:00:01] ( -> ...Re1+)} 30. a3 (30. Rxd5 {gets mated.} Re1+ 31. Bc1 Ba3 32. Rg5+ Kf8) (30. Kc1 $16) 30... Re5 $14 31. Ka2 Rh5 32. g4 (32. c4 $16) 32... fxg3 $11 33. fxg3 {[%emt 0:00:05] next g4 is good for White.} a6 34. Rd3 Kf8 35. Rf3 Rh6 36. Rd3 Rh5 37. c4 bxc4 38. bxc4 Rf5 39. cxd5 (39. g4 $5 Rf4 40. Rxd5 $14) 39... Rf2 40. Kb3 Rg2 41. Bf6 Rxg3 42. Rxg3 Bxg3 {[%emt 0:00:01] KB-KB} 43. Kb4 {[%emt 0:00:49] Threatens to win with Kc5.} Bd6+ (43... Ke8 $11) 44. Ka5 $18 {[%emt 0:00:11] White is clearly winning.} Bxa3 {[%emt 0:00:11] [#]} 45. Kb6 $1 Be7 {[%emt 0:01:06] [#]} 46. Bxe7+ $1 Ke8 47. Kc7 {[%emt 0:00:13] Threatening mate with Bf6.} Kxe7 48. d6+ Ke6 49. d7 f5 50. d8=Q {[%emt 0:00:05] White threatens Qd6+ and mate.} f4 51. Qg5 {[%emt 0:13:03] Weighted Error Value: White=0.11 (very precise) /Black=0.13 (very precise)} 1-0

[Event "IV Estrellas 2022"]
[Site "La Palma"]
[Date "2022.08.06"]
[Round "1.8"]
[White "Hernandez Gutierrez, Jose"]
[Black "Geske, Julian"]
[Result "0-1"]
[ECO "A62"]
[WhiteElo "1751"]
[BlackElo "2386"]
[Annotator "TA"]
[PlyCount "75"]
[EventDate "2022.08.06"]
[EventType "swiss"]
[EventCountry "ESP"]
[SourceTitle "playchess.com"]
[Source "ChessBase"]
[SourceQuality "1"]
[TimeControl "5400+30"]

1. d4 Nf6 2. c4 c5 3. d5 e6 4. Nc3 exd5 5. cxd5 d6 6. g3 g6 7. Bg2 Bg7 8. Nf3 O-O 9. O-O Nbd7 10. e4 {[%emt 0:03:09] A62: Modern Benoni: Fianchetto Variation without early ...Nbd7.} Re8 11. Nd2 Ne5 12. Qe2 {[%emt 0:03:52] The position is equal.} Nh5 13. Nc4 f5 14. Nxe5 Bxe5 {[%emt 0:01:43] [#]} 15. Bf3 $146 ({Predecessor:} 15. Bh6 a6 16. a4 Nf6 17. f3 Rb8 18. Bg5 Qc7 19. a5 b5 20. axb6 Rxb6 21. Na4 {0-1 (49) Tica,S (2396)-Lodici,L (2483) Tornelo INT 2021}) 15... Nf6 16. Bg5 Qa5 17. Bxf6 (17. Rfe1 $11) 17... Bxf6 $17 18. Qc2 Bd7 19. a4 Re7 20. Bg2 Rae8 21. f3 Qb4 22. Kh1 a6 {[%emt 0:02:45] Black is more active.} ({Better is} 22... Bd4 $17 23. Rab1 Qc4) 23. Bh3 $1 $15 Qc4 24. Rf2 Bg7 (24... Rf8 $17) 25. Bf1 (25. exf5 $11 Re3 26. Bf1) 25... Qb4 26. Bd3 (26. Re2 $17 {was necessary.}) 26... c4 $19 27. Bf1 Qc5 28. Bg2 {[%emt 0:04:23] [#]} (28. Re2 {is a better defense.}) 28... b5 $1 29. axb5 axb5 ({Worse is} 29... Bxb5 30. Rff1 $11) 30. Ra6 (30. Rff1 $142) 30... b4 31. Nd1 c3 32. bxc3 bxc3 33. Qa2 Rc8 {[%emt 0:04:39] And now ...c2 would win. Black is clearly winning.} 34. Rc2 fxe4 35. fxe4 Qd4 36. Nf2 (36. Qb1 $142 Bb5 37. Rxd6) 36... Rf7 37. Kg1 {[%emt 0:01:26] [#]} Rxf2 $1 38. Kh1 {[%emt 0:02:39] Weighted Error Value: White=0.68/Black=0.10 (very precise)} (38. Rxf2 c2) 0-1

[Event "IV Estrellas 2022"]
[Site "La Palma"]
[Date "2022.08.06"]
[Round "1.9"]
[White "Pierrot, Facundo"]
[Black "Bethencourt Hernandez, Alberto"]
[Result "1-0"]
[ECO "B06"]
[WhiteElo "2371"]
[BlackElo "1681"]
[Annotator "TA"]
[PlyCount "61"]
[EventDate "2022.08.06"]
[EventType "swiss"]
[EventCountry "ESP"]
[SourceTitle "playchess.com"]
[Source "ChessBase"]
[SourceQuality "1"]
[TimeControl "5400+30"]

1. d4 Nf6 2. g3 g6 3. Bg2 Bg7 4. e4 d6 5. Ne2 O-O 6. O-O c5 7. d5 {[%emt 0:00:48] B06: Modern Defence.} e6 8. Nbc3 exd5 9. exd5 {[%emt 0:00:13] [#]} ({White should try} 9. Nxd5 $14 Nxd5 10. Qxd5) 9... a6 $146 ({Predecessor:} 9... Re8 10. b3 Na6 11. Bb2 Bf5 12. h3 h5 13. a3 Qd7 14. Kh2 b5 15. Rb1 Rac8 {0-1 (33) Vondra,Z (2162)-Ralis,P (2184) Czech Republic 2017}) 10. a4 b6 11. Re1 Re8 12. h3 Nbd7 13. Nf4 Ne5 14. Ne4 (14. Nd3 $11) 14... Nxe4 $15 15. Bxe4 Bd7 16. c3 Qc7 17. Bg2 b5 18. axb5 Bxb5 19. Bd2 Nc4 20. Nd3 Qb7 (20... Nxd2 $15 21. Qxd2 a5) 21. Bf4 Rxe1+ 22. Qxe1 Re8 23. Qd1 Be5 (23... Qc7 $11) 24. b3 $16 Nb6 (24... Bxc3 $16 25. bxc4 Bxa1 26. Qxa1 (26. cxb5 Bd4 $14) 26... Bxc4) 25. Bxe5 Bxd3 26. Bxd6 {[%emt 0:00:00] This bishop pair is nice.} ({Less strong is} 26. Qxd3 Rxe5 27. Qxa6 Qxa6 28. Rxa6 Nxd5 $16) 26... c4 27. bxc4 Bxc4 (27... Nxc4 $142 28. Qxd3 Nxd6 29. Rxa6 Re1+ 30. Kh2 Rd1) 28. Rb1 $18 {[%emt 0:00:00] aiming for Qd4.} Bxd5 {[%emt 0:02:14] [#]} 29. Rxb6 $1 Qxb6 30. Bxd5 Qa5 $2 (30... Kg7) 31. Qf3 {[%emt 0:00:00] Weighted Error Value: White=0.12 (very precise) /Black=0.38} 1-0

[Event "IV Estrellas 2022"]
[Site "La Palma"]
[Date "2022.08.06"]
[Round "1.10"]
[White "Herrera Gonzalez, Jose Antonio"]
[Black "Pap, Misa"]
[Result "0-1"]
[ECO "B75"]
[WhiteElo "1657"]
[BlackElo "2375"]
[Annotator "TA"]
[PlyCount "68"]
[EventDate "2022.08.06"]
[EventType "swiss"]
[EventCountry "ESP"]
[SourceTitle "playchess.com"]
[Source "ChessBase"]
[SourceQuality "1"]
[TimeControl "5400+30"]

1. e4 c5 2. Nf3 g6 3. d4 cxd4 4. Nxd4 Bg7 5. Be3 Nc6 6. Bc4 Nf6 7. Nc3 O-O 8. O-O d6 9. f3 Qb6 10. Na4 Qa5 11. Nxc6 bxc6 12. Nc3 Rb8 {[%emt 0:00:54] [#] B75: Sicilian Dragon: Yugoslav Attack, Miscellaneous.} 13. Rb1 $146 ({Predecessor:} 13. Bb3 Rd8 14. Rb1 d5 15. exd5 cxd5 16. Bd4 Rb4 17. a3 Rxd4 18. Qxd4 Ng4 19. Qb4 Qxb4 20. axb4 {½-½ (58) Tripoteau,L (1530)-Ellien,I (1800) Fouesnant 2003}) 13... Nd7 {[%emt 0:07:43][%cal Ob8b2] Hoping for ...Rxb2!} 14. Bd4 Ne5 {[%emt 0:00:23] Black is better.} (14... e5 $5 15. Be3 Rxb2 $1 $17) 15. Be2 Rb4 {[%emt 0:02:28][%cal Ob4d4] And now ...Rxd4! would win.} 16. Be3 (16. Kh1 $1 $11) 16... Be6 {[%emt 0:01:36] ...Nc4 is the strong threat.} 17. a3 Rb7 18. Bd2 {[%emt 0:05:59] White is on the road to losing.} Nc4 {[%emt 0:04:22] 0x0.001b809ea668dp-1022s more active pieces.} 19. Bxc4 Bxc4 20. Re1 Rfb8 $36 {[%emt 0:04:37][%cal Bf8b8,Bb8b2,Bb2b1][%mdl 2080] Black is in control.} 21. Nd5 Qd8 22. Nb4 {[%emt 0:00:08] [#]} (22. Ne3 $17 {might work better.} Be6 23. b3) 22... a5 $1 $19 23. Nd3 Bxd3 ({Not} 23... Bxb2 24. Nxb2 Ba2 25. Rc1 (25. Bc3 $2 Bxb1 26. Nc4 Ba2 $19) 25... Qb6+ 26. Re3 Qxb2 27. Bxa5 $17) 24. cxd3 Rxb2 25. Rxb2 Rxb2 ({Inferior is} 25... Bxb2 26. a4) 26. Be3 c5 27. Qa4 h5 28. Rc1 (28. Kh1 {was worth a try.}) 28... Kh7 {[%emt 0:03:15] White must now prevent ...Re2.} 29. h3 $2 (29. d4 {is a better defense.}) 29... e6 (29... Re2 $142 30. Bg5 Qb6) 30. Rc2 (30. Rf1 $142) 30... Rb1+ 31. Kh2 h4 (31... Qh4 $142 {( -> ...Be5+)} 32. Rf2 Re1) 32. f4 {[%emt 0:02:03] Against Be5} (32. Rc1 {was forced.} Rb2 33. Rc2) 32... Qb6 33. Bd2 $2 (33. e5) 33... c4 34. d4 Qxd4 {[%emt 0:00:10] Weighted Error Value: White=0.93/Black=0.34} 0-1